 Dungeon Crawl Stone Soup version 0.31-a0-832-g3a2c1c66ba (webtiles) character file.

Game seed: 2104986071380354738

21402 Essalna the Fighter (level 12, -6/80 HPs)
             Began as a Gargoyle Earth Elementalist on Sept 25, 2023.
             Was an Elder of Vehumet.
             Mangled by a white ugly thing (35 damage)
             ... on level 12 of the Dungeon.
             The game lasted 00:34:02 (15178 turns).

Essalna the Fighter (Gargoyle Earth Elementalist)  Turns: 15178, Time: 00:34:02

Health: -6/80      AC: 25    Str: 12    XL:     12   Next: 89%
Magic:  6/18       EV: 14    Int: 27    God:    Vehumet [****..]
Gold:   1323       SH:  5    Dex: 10    Spells: 10/19 levels left

rFire   + . .        y - +2 whip (venom)
rCold   . . .        (no shield)
rNeg    + . .        E - +0 steam dragon scales
rPois   ∞            (no helmet)
rElec   +            M - +2 cloak of Ravioli {rPois rCorr}
rCorr   +            A - +3 pair of gauntlets of War {Slay+5}
SInv    .            C - +1 pair of boots
Will    .....        r - amulet of reflection
Stlth   ++           R - ring of protection from fire
HPRegen 0.33/turn    q - +6 ring of intelligence
MPRegen 0.16/turn

%: reflection
@: studying Short Blades
A: sickness immunity, AC +8, negative energy resistance 1, electricity
resistance, torment resistance 1, petrification resistance
a: Renounce Religion


You were on level 12 of the Dungeon.
You worshipped Vehumet.
Vehumet was greatly pleased with you.
You visited 3 branches of the dungeon, and saw 14 of its levels.
You also visited: Bailey.

You collected 1671 gold pieces.
You spent 348 gold pieces at shops.

Inventory:

Hand Weapons
 i - a +0 mace of pain
 o - a +1 spear of flaming
 y - a +2 whip of venom (weapon)
Armour
 a - a +0 robe
 A - the +3 pair of gauntlets of War (worn) {Slay+5}
   (You acquired it on level 6 of the Dungeon)

   Slay+5:    It affects your accuracy & damage with ranged weapons and melee
   (+5).
 B - a +0 cloak
 C - a +1 pair of boots (worn)
 E - +0 steam dragon scales (worn)
 M - the +2 cloak of Ravioli (worn) {rPois rCorr}
   (You acquired it in a bailey)

   rPois:     It protects you from poison rCorr: It protects you from acid and
   corrosion.
Magical Staves
 v - the staff of the Elven Halls {Drain Will+ Int+4 Earth}
   (You acquired it on level 6 of the Dungeon)

   [staff of earth]

   Base accuracy: +5 Base damage: 5 Base attack delay: 1.2 This weapon's minimum
   attack delay (0.6) is reached at skill level 12.
   Int+4:     It affects your intelligence (+4).
   Will+:     It increases your willpower.
   Drain:     It drains your maximum health when unequipped.
   Earth:     It increases the power of your Earth spells.
   It falls into the 'Staves' category.
   It is a one-handed weapon.
 J - a staff of fire
Jewellery
 d - a ring of resist corrosion
 e - an amulet of the acrobat
 q - a +6 ring of intelligence (right hand)
 r - an amulet of reflection (around neck)
 F - a ring of protection from cold
 N - the amulet of Elemental Vulnerability {rPois rF-- rC-- AC+8}
   (You found it on level 9 of the Dungeon)

   [amulet of nothing]

   AC+8:      It affects your AC (+8).
   rF--:      It makes you very vulnerable to fire.
   rC--:      It makes you very vulnerable to cold.
   rPois:     It protects you from poison
 Q - a ring of see invisible
 R - a ring of protection from fire (left hand)
 S - an amulet of guardian spirit
Wands
 j - a wand of flame (26)
 p - a wand of paralysis (13)
 w - a wand of mindburst (34)
 K - a wand of digging (5)
Scrolls
 b - a scroll of fear {unknown}
 h - 5 scrolls of poison
 m - 3 scrolls of identify
 n - 4 scrolls of enchant armour
 t - a scroll of blinking
 u - a scroll of amnesia
 G - 2 scrolls of fog
 I - a scroll of teleportation
 P - a scroll of enchant weapon
 U - a scroll of revelation {unknown}
Potions
 c - 2 potions of mutation
 f - a potion of cancellation
 g - 2 potions of ambrosia
 k - a potion of brilliance
 l - 7 potions of curing
 s - 2 potions of lignification
 x - 2 potions of enlightenment
 z - 4 potions of invisibility
 D - a potion of resistance
 H - 2 potions of heal wounds
 L - a potion of degeneration
 T - a potion of berserk rage
 V - a potion of haste {unknown}
Miscellaneous
 O - a phantom mirror


   Skills:
 + Level 11.2 Fighting
 + Level 8.5 Armour
 + Level 6.7 Dodging
 - Level 2.1 Stealth
 - Level 4.0 Spellcasting
 + Level 11.1 Conjurations
 - Level 2.0 Transmutations
 - Level 4.0 Ice Magic
 - Level 4.0 Air Magic
 - Level 10.0 Earth Magic


You had 10 spell levels left.
You knew the following spells:

 Your Spells              Type           Power      Damage    Failure   Level
a - Sandblast             Erth           100%       2d20      1%          1
b - Stone Arrow           Conj/Erth      100%       3d13      1%          3
c - Freezing Cloud        Conj/Ice/Air   19%        6-21      4%          5

Your spell library contained the following spells:

 Spells                   Type           Power      Damage    Failure   Level
 Lee's Rapid Deconstruct  Erth           28%        3d15*     1%          5
 Magic Dart               Conj           100%       1d8       1%          1
 Passwall                 Tmut/Erth      30%        N/A       1%          2
 Poisonous Vapours        Pois/Air       32%        N/A       1%          2
 Static Discharge         Conj/Air       92%        2-6/arc   1%          2
 Mephitic Cloud           Conj/Pois/Air  32%        N/A       1%          3
 Brom's Barrelling Bould  Conj/Erth      58%        2d7       1%          4
 Fulminant Prism          Conj/Hex       17%        3d10      2%          4
 Iskenderun's Mystic Bla  Conj/Tloc      35%        2d8       2%          4
 Ozocubu's Armour         Ice            27%        N/A       4%          3
 Airstrike                Air            13%        2d(2-18)  4%          4
 Volatile Blastmotes      Fire/Tloc      10%        2d10      7%          3
 Petrify                  Tmut/Erth      37%        N/A       7%          4
 Animate Armour           Summ/Erth      64%        N/A       10%         4
 Call Imp                 Summ           10%        N/A       12%         2
 Summon Lightning Spire   Summ/Air       16%        N/A       34%         4
 Lehudib's Crystal Spear  Conj/Erth      29%        10d8      83%         8
 Ozocubu's Refrigeration  Ice            13%        4d10      95%         7


Dungeon Overview and Level Annotations

Branches:
Dungeon (12/15)            Temple (1/1) D:5            Lair (1/5) D:9
 Bailey (visited)
    Orc: D:9-12

Altars:
Ashenzari
Cheibriados
Dithmenos
Elyvilon
Fedhas
Gozag
Hepliaklqana
Kikubaaqudgha
Makhleb
Nemelex Xobeh
Okawaru
Qazlal
Ru
Sif Muna
Trog
Uskayaw
Vehumet
Wu Jian
Xom
Yredelemnul
Zin
The Shining One

Shops:
D:2 :(   D:3 (   D:8 *   D:10 !

Annotations:
D:5 3 runed translucent doors, Opifex's ghost, novice HOMo
D:11 1 runed translucent door, qipq's ghost, journeyman FeCj


Innate Abilities, Weirdness & Mutations

You are immune to sickness and miasma.
Your stone body is resilient. (AC +8)
You are immune to poison.
You resist negative energy. (rN+)
You are resistant to electric shocks. (rElec)
You are resistant to unholy torment.
You are immune to petrification.


Message History

Magic restored.
There is an open door here.
HP restored.
Key pressed, stopping travel.
There is an escape hatch in the floor here.
There is a stone staircase leading down here.
You climb downwards.
There is a stone staircase leading up here.
Casting: Sandblast (safe; 1% risk of failure)
Confirm with . or Enter, or press ? or * to list all spells.
Aiming: Stone Arrow (safe; 1% risk of failure)
Press: ? - help, Shift-Dir - straight line, f - white ugly thing
Aim: a white ugly thing (78% to hit)
The stone arrow hits the white ugly thing!!
The white ugly thing is heavily wounded.
Casting: Stone Arrow (safe; 1% risk of failure)
Confirm with . or Enter, or press ? or * to list all spells.
Aiming: Stone Arrow (safe; 1% risk of failure)
Press: ? - help, Shift-Dir - straight line, f/p - white ugly thing
Aim: a white ugly thing (moderately wounded, 78% to hit)
The stone arrow hits the white ugly thing!
The white ugly thing is severely wounded.
Casting: Stone Arrow (safe; 1% risk of failure)
Confirm with . or Enter, or press ? or * to list all spells.
Aiming: Stone Arrow (safe; 1% risk of failure)
Press: ? - help, Shift-Dir - straight line, f/p - white ugly thing
Aim: a white ugly thing (severely wounded, 78% to hit)
The stone arrow hits the white ugly thing.
The white ugly thing is severely wounded.
The white ugly thing punches you! The white ugly thing freezes you!!
Casting: Stone Arrow (safe; 1% risk of failure)
Confirm with . or Enter, or press ? or * to list all spells.
Aiming: Stone Arrow (safe; 1% risk of failure)
Press: ? - help, Shift-Dir - straight line, f/p - white ugly thing
Aim: a white ugly thing (severely wounded, 78% to hit)
The stone arrow hits the white ugly thing!
The white ugly thing is almost dead.
The white ugly thing punches you but does no damage.
The white ugly thing punches you! The white ugly thing freezes you!!
You die...

##.#####5K.##
.....e...K## ..........#
....°E....#
.........############
....................#
...>........e.......#
.........##.........#
.......u.##....[@...#
.........##)...u[:..####
.......####....V.......##
.#...## #†..).....##..#
...## #<†...........# ..#
#[####..#####.# ..#####
#### #..##≈##.# ......##
##≈#..#####.#
.#..#..######≈≈#........#


You could see a white ugly thing, a deep elf pyromancer and a vampire.

Vanquished Creatures
  A hydra (D:12)
  2 boulder beetles
  A two-headed ogre (D:9)
  A death yak (D:9)
  An orc high priest (Bailey)
  Nergalle (D:12)
  Lodul (D:12)
  2 deep elf pyromancers (D:12)
  An orc sorcerer (Bailey)
  An ugly thing (D:11)
  A gargoyle (D:12)
  2 kobold demonologists
  An unseen horror (D:11)
  Maggie (D:6)
  A komodo dragon (D:6)
  4 trolls
  A hornet (D:7)
  A shadow (D:10)
  2 vampires (D:12)
  A wyvern (D:9)
  2 wraiths
  23 yaks
  11 vampire mosquitoes
  Edmund (D:5)
  3 acid dragons
  Menkaure (D:6)
  4 water moccasins
  A sky beast (D:6)
  14 orc warriors
  3 black bears
  2 ice beasts
  3 centaurs
  10 ogres
  A kobold brigand (D:9)
  4 phantoms
  A gnoll sergeant (D:10)
  4 bullfrogs
  2 scorpions
  3 wights (D:7)
  13 killer bees
  4 electric eels (Bailey)
  4 howler monkeys
  A gnoll bouda (D:4)
  3 jellies (D:4)
  8 orc priests
  6 hounds
  2 sleepcaps (D:6)
  Ijyb (D:4)
  10 orc wizards
  17 gnolls
  5 adders
  A shadow imp (D:8)
  2 white imps
  3 ufetubi
  3 worms
  2 dart slugs
  41 orcs
  4 ball pythons
  12 endoplasms (D:4)
  A giant cockroach (D:1)
  19 goblins
  16 hobgoblins
  3 quokkas
  3 bats (D:2)
  5 frilled lizards
  19 kobolds
  6 rats
334 creatures vanquished.

Notes
Turn   | Place    | Note
-------+----------+-------------------------------------------
     0 | D:1      | Essalna the Gargoyle Earth Elementalist began the quest for
                  | the Orb.
     0 | D:1      | Reached XP level 1. HP: 10/10 MP: 3/3
   243 | D:1      | Reached skill level 1 in Transmutations
   354 | D:1      | Reached XP level 2. HP: 15/15 MP: 1/5
  1348 | D:2      | Reached XP level 3. HP: 19/19 MP: 4/6
  1352 | D:2      | Learned a level 3 spell: Stone Arrow
  1383 | D:2      | Found Botai's Weapon Emporium.
  1574 | D:2      | Found Viblar's Vocational Training.
  2038 | D:3      | Reached skill level 1 in Fighting
  2038 | D:3      | Reached XP level 4. HP: 25/25 MP: 0/7
  2270 | D:3      | Reached skill level 1 in Conjurations
  2364 | D:3      | Found Voixky's Weapon Shop.
  2733 | D:4      | Found Eceos's Magic Scroll Shop.
  2780 | D:4      | Noticed a phantom
  2791 | D:4      | Killed a phantom
  2792 | D:4      | Reached XP level 5. HP: 15/30 MP: 1/9
  3009 | D:4      | Reached skill level 5 in Earth Magic
  3009 | D:4      | Reached XP level 6. HP: 35/35 MP: 4/10
  3195 | D:4      | Found a sacrificial altar of Ru.
  3310 | D:4      | Noticed a black bear
  3315 | D:4      | Killed a black bear
  3316 | D:4      | Reached XP level 7. HP: 10/41 MP: 6/12
  3317 | D:4      | HP: 1/41 [gnoll/+0 whip (7)]
  3513 | D:4      | Noticed Ijyb
  3522 | D:4      | Killed Ijyb
  4398 | D:5      | Entered Level 5 of the Dungeon
  4481 | D:5      | Found a hide-covered altar of Uskayaw.
  4487 | D:5      | Reached XP level 8. HP: 48/48 MP: 11/14
  4667 | D:5      | Noticed Edmund
  4672 | D:5      | Killed Edmund
  4673 | D:5      | Reached skill level 5 in Fighting
  4673 | D:5      | Reached skill level 5 in Conjurations
  4796 | D:5      | Found a runed translucent gate.
  4796 | D:5      | Found a runed translucent gate.
  4796 | D:5      | Noticed Opifex's ghost (novice HOMo)
  4797 | D:5      | Found a runed translucent gate.
  4959 | D:5      | Found a staircase to the Ecumenical Temple.
  4964 | Temple   | Entered the Ecumenical Temple
  4971 | Temple   | Became a worshipper of Vehumet
  5548 | D:6      | Found a snail-covered altar of Cheibriados.
  5628 | D:6      | Reached XP level 9. HP: 55/55 MP: 10/15
  5945 | D:6      | Noticed Menkaure
  5951 | D:6      | Identified 2 scrolls of acquirement
  5951 | D:6      | Acquired the +3 pair of gauntlets of War {Slay+5}
  5951 | D:6      | Found the +3 pair of gauntlets of War {Slay+5}
  6075 | D:6      | Killed Menkaure
  6131 | D:6      | Acquired the staff of the Elven Halls {Drain Will+ Int+4
                  | Earth}
  6317 | D:6      | Noticed a komodo dragon
  6323 | D:6      | Killed a komodo dragon
  6647 | D:6      | Noticed Maggie
  6659 | D:6      | Killed Maggie
  6660 | D:6      | Reached skill level 1 in Armour
  6818 | D:6      | Found a blossoming altar of Fedhas.
  7387 | D:7      | Found a large runed translucent door.
  7388 | D:7      | Found a large runed translucent door.
  7398 | D:7      | Noticed a hornet
  7471 | D:7      | Reached XP level 10. HP: 64/64 MP: 14/16
  7912 | D:7      | Reached * piety under Vehumet
  7912 | D:7      | Offered knowledge of Foxfire by Vehumet.
  8345 | D:8      | Found Dineol's CLEARANCE SALE!.
  8362 | D:8      | Bought a scroll of teleportation for 12 gold pieces
  8528 | D:8      | Learned a level 5 spell: Freezing Cloud
  8821 | D:8      | Identified the +0 spear "Loukutud" {drain, rC+}
  8827 | D:8      | Reached skill level 10 in Earth Magic
  8845 | D:8      | Reached skill level 1 in Ice Magic
  8848 | D:8      | Reached skill level 1 in Air Magic
  9148 | D:9      | Noticed a two-headed ogre
  9155 | D:9      | Killed a two-headed ogre
  9357 | D:9      | Reached XP level 11. HP: 69/69 MP: 15/17
  9413 | D:9      | Found the amulet of Elemental Vulnerability {rPois rF--
                  | rC-- AC+8}
  9432 | D:9      | Reached skill level 5 in Armour
  9842 | D:9      | Reached ** piety under Vehumet
  9868 | D:9      | Offered knowledge of Static Discharge by Vehumet.
 10019 | D:9      | Found a staircase to the Lair.
 10046 | Lair:1   | Entered Level 1 of the Lair of Beasts
 10046 | Lair:1   | Noticed a death yak
 10046 | Lair:1   | Noticed a death yak
 10056 | D:9      | Killed a death yak
 10190 | D:10     | Entered Level 10 of the Dungeon
 10298 | D:10     | Found a flagged portal.
 10317 | Bailey   | Entered a bailey
 10490 | Bailey   | Noticed an orc sorcerer
 10498 | Bailey   | Killed an orc sorcerer
 10623 | Bailey   | Acquired 624 gold pieces
 10635 | Bailey   | Offered knowledge of Hailstorm by Vehumet.
 10784 | Bailey   | Found an iron altar of Okawaru.
 10784 | Bailey   | Noticed an orc high priest
 10796 | Bailey   | Noticed a sixfirhy
 10796 | Bailey   | Killed an orc high priest
 10895 | Bailey   | Acquired the +2 cloak of Ravioli {rPois rCorr}
 10935 | Bailey   | Identified the +4 hand axe of Ahifi {heavy, Will+ Str+3
                  | Int+2}
 10997 | Bailey   | Reached *** piety under Vehumet
 11363 | D:10     | Reached skill level 5 in Dodging
 11404 | D:10     | Found a shimmering blue altar of Sif Muna.
 11435 | D:10     | Found Nuwkap's Distillery.
 11442 | D:10     | Bought a potion of ambrosia for 112 gold pieces
 11442 | D:10     | Bought 2 potions of invisibility for 224 gold pieces
 11759 | D:11     | Noticed a red ugly thing
 11763 | D:11     | Killed a red ugly thing
 11879 | D:11     | Found a runed translucent door.
 12095 | D:11     | Found a hide-covered altar of Uskayaw.
 12158 | D:11     | Reached XP level 12. HP: 77/77 MP: 14/18
 12160 | D:11     | Reached skill level 10 in Fighting
 12169 | D:11     | Offered knowledge of Dazzling Flash by Vehumet.
 12287 | D:11     | Noticed a boulder beetle
 12590 | D:11     | Noticed qipq's ghost (journeyman FeCj)
 12622 | D:11     | Reached skill level 10 in Conjurations
 12810 | D:11     | Identified the +8 long sword of Bile {flame, rC+}
 13152 | D:11     | Identified the +0 spear of Abomination {spect, Str+3}
 13707 | D:12     | Noticed Nergalle
 13709 | D:12     | Noticed a five-headed hydra
 13713 | D:12     | Killed Nergalle
 13718 | D:12     | Noticed Lodul
 14090 | D:7      | Reached **** piety under Vehumet
 14171 | D:7      | Found a shadowy altar of Dithmenos.
 14190 | D:7      | Found an ornate altar of the Wu Jian Council.
 14276 | D:12     | Killed Lodul
 14324 | D:12     | Identified the +4 glaive of Ziyt {venom, Int+3}
 14451 | D:12     | Offered knowledge of Lee's Rapid Deconstruction by Vehumet.
 14677 | D:12     | Noticed a boulder beetle
 14763 | D:11     | Killed a boulder beetle
 15001 | D:12     | Killed a boulder beetle
 15010 | D:12     | Killed a five-headed hydra
 15178 | D:12     | Mangled by a white ugly thing

Illustrated notes

Levels and vault maps discovered:
D:1:      lightli_arrival_lavapool, layout_loops_corners, minmay_circled_x
D:2:      layout_loops_ring, serial_shops, shop, nicolae_shop_vocational
D:3:      layout_loops_ring, serial_shops, nicolae_shop_bloodbath_and_beyond
D:4:      cheibrodos_fertilizer, layout_basic, nicolae_ru_the_path_less_chosen,
          serial_co_window_serial, co_window_paths_b, co_window_corner_a,
          co_window_paths_a, co_window_paths_a, co_window_paths_b,
          co_window_2corner, co_window_corner_cb, co_window_unsneaky_path_a,
          co_window_cross_3, co_window_4corner_b, glass_columns_a,
          glass_columns_b, glass_columns_b, serial_shops, nicolae_shop_crystal,
          uniq_ijyb
D:5:      layout_loops_ring, mainiacjoe_overflow_chevrons, temple_doors_e,
          lightli_ossuary_entry_decrepit_ruins, ebering_ghost_rock_garden,
          uniq_edmund
D:6:      layout_basic, mainiacjoe_overflow_small_starburst,
          mainiacjoe_overflow_alcove_4, minmay_manual_macuahuitl, uniq_menkaure,
          uniq_maggie
D:7:      layout_basic, jmf_multi_god_temple2
D:8:      layout_gridville, nicolae_shop_clearance
D:9:      layout_long_grid, dpeg_oklobed_lair
D:10:     layout_loops_ring, nicolae_sif_muna_little_library, enter_bailey_5,
          kennysheep_small_spiral, nicolae_stop_n_shop_1
D:11:     layout_irregular_city, ebering_ghost_funeral_grove,
          nicolae_uskayaw_dance_hall
D:12:     evilmike_horseshoe, layout_rooms, serial_aquarium,
          aquarium_bridge_square [aquarium_subvault_balcony,
          aquarium_subvault_balcony, aquarium_subvault_bridge,
          aquarium_subvault_balcony], aquarium_bridge_island_small
          [aquarium_subvault_small_open, aquarium_subvault_wall,
          aquarium_subvault_bridge, aquarium_subvault_wall,
          aquarium_subvault_wall], aquarium_window_1, aquarium_window_1,
          aquarium_window_corridor_2, aquarium_window_2, aquarium_view_2a,
          aquarium_view_2d, hangedman_abyss_or_decor_stagger,
          minmay_misc_feat_doors, grunt_ogre_cave, uniq_nergalle, uniq_lodul
Temple:   nicolae_temple_no_exploring_needed
Lair:1:   layout_cave_pods, ebering_ghost_disaster_area,
          chequers_serial_rivers_small_3

Skill      XL: |  1  2  3  4  5  6  7  8  9 10 11 12 |
---------------+-------------------------------------+-----
Transmutations | 1 2 |  2.0
Earth Magic    | 4 5 6 8 9 10 | 10.0
Fighting       | 1 2 3 4 6 7 8 9 11 | 11.2
Conjurations   | 1 2 3 4 6 7 8 9 11 | 11.1
Spellcasting   | 3 4 |  4.0
Armour         | 2 4 6 8 |  8.5
Dodging        | 2 4 5 6 |  6.7
Ice Magic      | 2 4 |  4.0
Air Magic      | 2 3 4 |  4.0
Stealth        | |  2.1

Action                     |  1- 3 |  4- 6 |  7- 9 | 10-12 || total
---------------------------+-------+-------+-------+-------++-------
  Melee: Mace              |     4 |       |       |       ||     4
         Spear             |       |    18 |    11 |       ||    29
         Staff             |       |       |    40 |    14 ||    54
         Punch             |       |       |     1 |       ||     1
         Whip              |       |       |       |    33 ||    33
   Cast: Sandblast         |    46 |    54 |   139 |   412 ||   651
         Stone Arrow       |       |       |     8 |    56 ||    64
         Freezing Cloud    |       |       |       |     1 ||     1
  Evoke: Wand              |       |       |     1 |       ||     1
    Use: Potion            |       |       |     1 |     2 ||     3
         Scroll            |       |       |     6 |    19 ||    25
   Stab: Distracted        |       |       |     1 |       ||     1
 Armour: Robe              |    12 |    30 |   105 |       ||   147
         Steam dragon scal |       |       |     3 |   418 ||   421
  Dodge: Dodged            |    10 |    30 |    76 |   312 ||   428
  Block: Other             |       |       |    17 |   129 ||   146
         Reflection        |       |       |       |     2 ||     2

Table legend: (Time is in decaauts)
 A = Elapsed time spent in this place.
 B = Non-inter-level travel time spent in this place.
 C = Inter-level travel time spent in this place.
 D = Time resting spent in this place.
 E = Time spent auto-exploring this place.
 F = Levels seen in this place.
 G = Mean time per level.
                   A        B        C        D        E       F      G
               +--------+--------+--------+--------+--------+-----+--------+
         Total |  15551 |  14842 |    709 |    144 |  12334 |  15 | 1036.7 |
       Dungeon |  14598 |  13901 |    697 |    144 |  11624 |  12 | 1216.5 |
        Temple |     43 |     31 |     12 |      0 |      0 |   1 |   43.0 |
          Lair |      7 |      7 |      0 |      0 |      0 |   1 |    7.0 |
        Bailey |    902 |    902 |      0 |      0 |    710 |   1 |  902.0 |
               +--------+--------+--------+--------+--------+-----+--------+

Top non-repeatable levels by time:
    D:11: 1833 daAuts
     D:6: 1757 daAuts
     D:4: 1726 daAuts
    D:12: 1291 daAuts
     D:7: 1265 daAuts
     D:1: 1189 daAuts
     D:9: 1089 daAuts
     D:5: 1015 daAuts
     D:8: 965 daAuts
    D:10: 914 daAuts
  Bailey: 902 daAuts
     D:3: 787 daAuts
     D:2: 764 daAuts
  Temple: 43 daAuts
  Lair:1: 7 daAuts
